 Dungeon Crawl Stone Soup version 0.23-a0-844-gdc03e01 (webtiles) character file.

15 Amnesiac the Digger (level 2, -2/20 HPs)
             Began as a Ghoul Earth Elementalist on Jan 26, 2019.
             Killed from afar by an orc wizard (10 damage)
             ... with a puff of flame
             ... on level 3 of the Dungeon.
             The game lasted 00:01:14 (521 turns).

Amnesiac the Digger (Ghoul Earth Elementalist)       Turns: 521, Time: 00:01:14

Health: -2/20      AC:  2    Str: 11    XL:     2   Next: 50%
Magic:  3/4        EV: 12    Int: 10    God:
Gold:   0          SH:  0    Dex:  9    Spells: 2/5 levels left

rFire    . . .     SeeInvis .   (no weapon)
rCold    + . .     Gourm    .   (no shield)
rNeg     + + +     Faith    .   c - +0 robe
rPois    ∞         Spirit   .   (no helmet)
rElec    .         Reflect  .   (no cloak)
rCorr    .         Harm     .   (no gloves)
MR       .....                  (no boots)
Stlth    ++........             (no amulet)
HPRegen  0.00/turn              (no ring)
MPRegen  0.09/turn              (no ring)

@: rotting
A: rotting body, claws 1, carnivore, cold resistance 1, negative energy
resistance 3, inhibited regeneration, torment resistance, unbreathing
a: no special abilities


You were on level 3 of the Dungeon.
You were not hungry.

You visited 1 branch of the dungeon, and saw 4 of its levels.

Inventory:

Missiles
 b - 27 stones (quivered)
Armour
 c - a +0 robe (worn)
Jewellery
 g - an uncursed amulet of the acrobat {unknown}
Scrolls
 a - a scroll of enchant armour {!r, unknown}
 e - a scroll of teleportation {!r, unknown}
 i - a scroll of enchant weapon {!r, unknown}
Potions
 f - a potion of haste {!q, unknown}
Comestibles
 d - 3 rations
 h - 2 chunks of flesh


   Skills:
 - Level 1.7 Dodging
 - Level 2.1 Stealth
 + Level 2.0 Spellcasting
 - Level 0.8 Transmutations
 * Level 3.9 Earth Magic


You had 2 spell levels left.
You knew the following spells:

 Your Spells              Type           Power        Failure   Level  Hunger
a - Sandblast             Erth           #.....       6%          1    ##.....
b - Passwall              Tmut/Erth      #.......     17%         2    ###....

Your spell library contained the following spells:

 Spells                   Type           Power        Failure   Level  Hunger
 Stone Arrow              Conj/Erth      #.....       38%         3    ####...
 Petrify                  Tmut/Erth      #.......     75%         4    #####..
 Lee's Rapid Deconstruct  Erth           #.........   86%         5    ######.


Dungeon Overview and Level Annotations

Branches:
Dungeon (4/15)
 Temple: D:4-7

Altars:


Innate Abilities, Weirdness & Mutations

Your body is rotting away.
You thrive on raw meat.
You are immune to poison.
You have sharp fingernails.
You are carnivorous and can eat meat at any time.
Your flesh is cold resistant. (rC+)
You are immune to negative energy. (rN+++)
You do not regenerate when monsters are visible.
You are immune to unholy pain and torment.
You can survive without breathing.


Message History

There is a stone staircase leading up here.
Found a scroll labeled MOAF IHAZXIYHI.
You scratch the rat.
The rat is moderately wounded.
The rat bites you but does no damage.
You closely miss the rat.
The rat is moderately wounded.
The rat bites you.
You scratch the rat.
You kill the rat!
No target in view!
You see here a rat corpse.
You butcher the rat corpse.
h - 2 chunks of flesh (gained 1)
You see here a rat skeleton.
There is a stone staircase leading up here.
You climb upwards.
A worm comes into view.
Found a sedimented silvery potion.
There is a stone staircase leading down here.
You climb downwards.
There is a stone staircase leading up here.
There is a stone staircase leading down here.
You climb downwards. 2 orcs and 2 orc wizards come into view.
The orc wizard shouts!
The orc shouts!
You hear a shout!
Found a scroll labeled NAEZITZ JUOPN and a fuming yellow potion.
There is a stone staircase leading up here.
Casting: Sandblast (safe; 6% risk of failure)
Confirm with . or Enter, or press ? or * to list all spells.
Aiming: Sandblast (safe; 6% risk of failure)
Press: ? - help, Shift-Dir - straight line, f - orc wizard
Aim: an orc wizard, wielding a -3 dagger and wearing a +0 robe The blast of sand misses the orc wizard.
b - 28 stones The orc shouts!
An orc comes into view. It is wielding a +0 falchion.
The orc throws a tomahawk.
The tomahawk hits you.
Unknown command.
You climb upwards.
There is a stone staircase leading down here.
A hobgoblin comes into view.
An orc and an orc wizard come into view.
You see here a scroll labeled MOAF IHAZXIYHI {!r}.
i - a scroll labeled MOAF IHAZXIYHI {!r} The orc wizard shouts!
The orc shouts!
You hear a shout! x2
An orc comes into view. It is wielding a +0 flail.
An orc comes into view. It is wielding a +3 hand axe.
The orc wizard casts a spell.
The orc wizard seems to speed up.
The orc wizard gestures at you while chanting.
You resist. The puff of frost hits you.
* * * LOW HITPOINT WARNING * * *
Casting: Sandblast (safe; 6% risk of failure)
Confirm with . or Enter, or press ? or * to list all spells.
Aiming: Sandblast (safe; 6% risk of failure)
Press: ? - help, Shift-Dir - straight line, f - orc wizard
Aim: an orc wizard, wielding a +0 dagger and wearing a +0 robe (fast)
The blast of sand hits the orc wizard but does no damage.
b - 27 stones The orc wizard casts a spell at you.
The puff of flame hits you!
Ouch! That really hurt!
You die...

#.......# .# #.......# # ..#
#.......##.# ).. #..........##
#.# ##.....>.#...# #.#
#oo......#..#. #.# #........#[#
# ####.####g###÷.#.#.#.#
#.....@.#.##...<.....#
###########.##.##o#o##.......###
............##.##.#........###
.####..####.##..)...##.##..###
.####..####.#####.#.##.......#
.##......##.#####.#.##..#..#.#
.##.#..#.##.......#........#.#
.......#.##.###########.##.# #
#####.......# #.##.#


You could see an orc wizard.

Vanquished Creatures
  A leopard gecko (D:3)
  A bat (D:2)
  A giant cockroach (D:3)
  6 goblins
  A hobgoblin (D:1)
  2 rats
12 creatures vanquished.

Notes
Turn   | Place    | Note
-------+----------+-------------------------------------------
     0 | D:1      | Amnesiac the Ghoul Earth Elementalist began the quest for
                  | the Orb.
     0 | D:1      | Reached XP level 1. HP: 14/14 MP: 2/2
   204 | D:1      | Reached XP level 2. HP: 1/20 MP: 1/3
   385 | D:2      | Learned a level 2 spell: Passwall
   521 | D:3      | Killed from afar by an orc wizard

Vault maps used:
D:1:      psy_arrival_basics
D:2:      minmay_inner_zag, nicolae_ashenzari_panopticon
D:3:      lightli_temple_of_fire, first_ration
D:4:      elyvilon_altar_3, minmay_temple_entry_steel_oval, serial_shops, shop,
          serial_co_window_serial, co_window_of_opportunity_a,
          co_window_corner_a, co_window_corner_a, co_window_paths_a,
          co_window_of_opportunity_a, co_window_paths_b, co_window_corner_cb,
          co_window_cross_2, glass_columns_c, glass_columns_b, glass_columns_a

Skill      XL: |  1  2 |
---------------+-------+-----
Spellcasting   | 2 |  2.0
Dodging        | |  1.7
Stealth        | |  2.1
Transmutations | |  0.8
Earth Magic    | |  3.9

Action                   || total
-------------------------++-------
Melee: Unarmed           ||    51
 Cast: Sandblast         ||     3
 Stab: Sleeping          ||     1
  Eat: Chunk             ||     4
Armor: Robe              ||     9
Dodge: Dodged            ||    28

Table legend:
 A = Non-vault XP
 B = Vault XP
 C = Vault XP percentage of total XP
 D = Non-vault monster count
 E = Vault monster count
 F = Vault count percentage of total count
                 A         B        C        D         E       F
            +---------+---------+-------+---------+---------+-------
      Total |      22 |       0 |   0.0 |      12 |       0 |   0.0
            +---------+---------+-------+---------+---------+-------
        D:1 |      10 |       0 |   0.0 |       6 |       0 |   0.0
        D:2 |       4 |       0 |   0.0 |       2 |       0 |   0.0
        D:3 |       8 |       0 |   0.0 |       4 |       0 |   0.0
            +---------+---------+-------+---------+---------+-------
